AoeStats
← GuLy San (10)

Golden Pit

510020885Analyzed
1v1 RM · 4d ago on Sep 29, 2026· 21m 17s· 2 players
Game mode
Random Map
Map size
Tiny (2 player)
Population
200
Speed
Normal
Resources
Standard
Victory
Conquest
Starting age
Dark Age
Ending age
Imperial Age
RankedLock teamsTeams togetherTeam positionsShared explorationLock speedFull tech treeHidden civsTurbo modeCheats
Victory
Defeat
🇸🇪 Huns · Sweden
802
+17
🇦🇷 Maya · Argentina
829
-17
Lusseper
11:05 Feudal Age
12:21 Double-Bit Axe
14:39 Gold Mining
19:22 Castle Age
17:29 Horse Collar
19:36 Stone Mining
19:43 Fletching
20:10 Heavy Plow
20:32 Bow Saw
GuLy San (10)
0:25 Loom
10:27 Feudal Age
10:53 Horse Collar
11:02 Double-Bit Axe
14:26 Gold Mining
21:47 Castle Age
Connection lost

Rejoining the realm…

Still unreachable

The connection could not be restored.

Session expired

The server has moved on; the page needs a fresh start.